 Dungeon Crawl Stone Soup version 0.19.4-8-ga85b6b9 (webtiles) character file.

966211 nono the Slayer (level 27, -2/191 (192) HPs)
             Began as a Halfling Monk on Feb 11, 2017.
             Was the Champion of Hepliaklqana.
             Killed by a greater mummy's death curse (25 damage)
             ... on level 1 of the Tomb of the Ancients on Feb 14, 2017.
             The game lasted 12:03:45 (102556 turns).

nono the Slayer (Halfling Monk)                   Turns: 102556, Time: 12:03:45

HP:   -2/191 (192)  AC: 33    Str: 27    XL:     27
MP:   33/34         EV: 32    Int:  9    God:    Hepliaklqana [******]
Gold: 5865          SH: 23    Dex: 26    Spells: 10 memorised, 7 levels left

rFire  + + +     SeeInvis +     b - +3 sacred scourge (holy)
rCold  + + .     Gourm    .     u - +8 fire dragon scales {Xtahua}
rNeg   . . .     Faith    .     y - +5 shield {rC+}
rPois  +         Spirit   .     J - +2 helmet of Zaduiqir {MR+ Str+2}
rElec  +         Reflect  .     V - +2 cloak {+Inv}
rCorr  .         Harm     .     R - +2 pair of gloves of Zeisoa {Str+5}
MR     ++++.                    H - +0 pair of boots of Nopsoergh {rElec SInv}
Stlth  +++.......               s - amulet "Hebiuraxt" {RegenMP Fragile rC++ MR+ Dex+2}
                                v - ring "Vounef" {rF+ Str+5 SInv}
                                K - ring of poison resistance

@: silence (expiring), repel missiles, drained
A: reduced essence, deformed body, mutation resistance 1, weak 1
a: Renounce Religion, Evoke Invisibility
}: 9/15 runes: serpentine, barnacled, silver, abyssal, demonic, glowing,
magical, fiery, dark


You were on level 1 of the Tomb of the Ancients.
You worshipped Hepliaklqana.
Hepliaklqana was exalted by your worship.
You were not hungry.

You visited 12 branches of the dungeon, and saw 51 of its levels.
You visited Pandemonium 2 times, and saw 37 of its levels.
You visited the Abyss 5 times.
You visited 1 bazaar.
You also visited: Trove and Desolation.

You collected 9726 gold pieces.
You spent 3861 gold pieces at shops.

Inventory:

Hand Weapons
 a - the +5 demon whip "Spellbinder" {antimagic, MR+}
   (You found it on level 4 of the Lair of Beasts)

   It reduces the magical energy of the wielder, and disrupts the spells and
   magical abilities of those hit.
   Natural abilities and divine invocations are not affected.
   It affects your resistance to hostile enchantments.
 b - a +3 sacred scourge of holy wrath (weapon)
 F - a +3 fustibalus of velocity
 I - the +3 sling "Punk" {acid, rCorr}
   (Okawaru gifted it to you on level 5 of the Vaults)

   It protects you from acid and corrosion.
Missiles
 x - 714 sling bullets
Armour
 u - +8 fire dragon scales (worn) {Xtahua}
 y - a +5 shield of cold resistance (worn)
 H - the +0 pair of boots of Nopsoergh (worn) {rElec SInv}
   (Okawaru gifted it to you on level 4 of the Shoals)

   It insulates you from electricity.
   It lets you see invisible.
 J - the +2 helmet of Zaduiqir (worn) {MR+ Str+2}
   (You bought it in a shop in a bazaar)

   It affects your strength (+2).
   It affects your resistance to hostile enchantments.
 R - the +2 pair of gloves of Zeisoa (worn) {Str+5}
   (You found it on level 3 of the Elven Halls)

   It affects your strength (+5).
 V - a +2 cloak of invisibility (worn)
Jewellery
 g - a +4 amulet of reflection
 l - an uncursed amulet of regeneration
 r - the ring of Contentment {rC+ MR+}
   (You found it on level 3 of the Elven Halls)

   [ring of protection from cold]

   It protects you from cold.
   It affects your resistance to hostile enchantments.
 s - the amulet "Hebiuraxt" (around neck) {RegenMP Fragile rC++ MR+ Dex+2}
   (You took it off a vampire mage on level 2 of the Depths)

   [amulet of magic regeneration]

   It increases your magic regeneration.
   It affects your dexterity (+2).
   It greatly protects you from cold.
   It affects your resistance to hostile enchantments.
   It will be destroyed if unequipped.
 t - an uncursed ring of resist corrosion
 v - a ring "Vounef" (right hand) {rF+ Str+5 SInv}
   (You found it in the Desolation of Salt)

   [ring of see invisible]

   It affects your strength (+5).
   It protects you from fire.
   It lets you see invisible.
 K - a ring of poison resistance (left hand)
 T - an uncursed ring of flight
 W - the ring "Pume" {rC+ Stlth+}
   (You found it in the Desolation of Salt)

   [ring of stealth]

   It protects you from cold.
   It makes you more stealthy.
 X - the brooch of Shielding {Reflect SH+8}
   (You took it off a vampire knight on level 3 of the Crypt)

   [amulet of reflection]

   It shields you and reflects attacks.
   It affects your SH (+8).
Wands
 i - a wand of teleportation (2/9)
 k - a wand of digging (5/24)
 B - a wand of digging (4/24)
 C - a wand of hasting (0/9)
 N - a wand of hasting (3/9)
 Q - a wand of heal wounds (6/9)
 Y - a wand of disintegration (4/24)
Scrolls
 d - a scroll of blinking
 f - 2 scrolls of magic mapping
 h - 20 scrolls of identify
 n - 3 scrolls of enchant armour
 D - 2 scrolls of recharging
 G - 41 scrolls of remove curse
 M - 4 scrolls of immolation
 S - 5 scrolls of fear
 Z - 8 scrolls of fog
Potions
 e - a potion of ambrosia
 j - 12 potions of flight
 m - 2 potions of magic
 o - 9 potions of agility
 q - 3 potions of berserk rage
 w - a potion of heal wounds
 z - 5 potions of resistance
 A - 7 potions of cure mutation
 L - 6 potions of brilliance
 P - 20 potions of curing
 U - 3 potions of might
Comestibles
 c - 42 bread rations
 p - 6 meat rations
 O - 4 fruits


   Skills:
 - Level 24.1(22.7) Fighting
   Level 3.2(2.4) Long Blades
 + Level 15.2(14.1) Maces & Flails
 - Level 22.2(20.9) Slings
 - Level 22.2(20.8) Armour
 - Level 20.4(19.1) Dodging
 - Level 14.3(13.2) Stealth
 - Level 21.1(19.8) Shields
 - Level 6.2(5.3) Spellcasting
 + Level 11.0(10.0) Hexes
 - Level 16.4(15.2) Charms
 - Level 10.6(9.6) Necromancy
 - Level 12.8(11.7) Translocations
 + Level 14.2(13.0) Air Magic
 - Level 14.7(13.5) Invocations
 - Level 4.2(3.4) Evocations


You had 7 spell levels left.
You knew the following spells:

 Your Spells              Type           Power        Failure   Level  Hunger
a - Apportation           Tloc           ###.......   1%          1    #......
b - Ozocubu's Armour      Chrm/Ice       ###.....     10%         3    ###....
c - Swiftness             Chrm/Air       ####....     1%          2    ##.....
d - Blink                 Tloc           N/A          1%          2    ##.....
e - Silence               Hex/Air        ###.......   14%         5    ######.
f - Regeneration          Chrm/Necr      ###.......   1%          3    ###....
g - Repel Missiles        Chrm/Air       ####..       1%          2    ##.....
h - Portal Projectile     Tloc           ###...       1%          3    ###....
i - Controlled Blink      Tloc           N/A          100%        8    #######
j - Passwall              Tmut/Erth      #.........   78%         2    ##.....


Dungeon Overview and Level Annotations

Branches:
Dungeon (15/15)            Temple (1/1) D:7            Lair (6/6) D:10
 Shoals (4/4) Lair:3        Snake (4/4) Lair:3        Slime (0/5) Lair:5
    Orc (2/2) D:12            Elf (3/3) Orc:2        Vaults (5/5) D:14
  Crypt (3/3) Vaults:2       Tomb (2/3) Crypt:3      Depths (5/5) D:15
   Hell (1/1)                 Zot (0/5) Depths:5
    Dis: Hell:1         Geh: Hell:1         Coc: Hell:1         Tar: Hell:1

Altars:
Ashenzari
Cheibriados
Dithmenos
Elyvilon
Fedhas
Gozag
Hepliaklqana
Kikubaaqudgha
Makhleb
Nemelex Xobeh
Okawaru
Qazlal
Ru
Sif Muna
Trog
Uskayaw
Vehumet
Xom
Yredelemnul
Zin
The Shining One
Beogh
Jiyva

Shops:
D:8 [   Orc:2 *}!}   Elf:2 ?   Shoals:3 *   Snake:2 !%[(*}?   Snake:3 !!}[
Vaults:4 (   Depths:4 %}=}*!

Portals:
Hell: Depths:1 Depths:2 Depths:3 Depths:4 Depths:5
Abyss: Depths:1 Depths:4
Pandemonium: Depths:3
Ziggurat: Depths:4

Annotations:
D:4 Paps's ghost, amateur TrFi
D:5 Menkaure
D:9 exclusion: upstairs
Snake:3 exclusion: Roxanne, Roxanne
Depths:3 exclusion: ice statue
Abyss:1 Gloorx Vloq; Lom Lobon


Innate Abilities, Weirdness & Mutations

You are small and have problems with some larger weapons.
You are somewhat resistant to further mutation.
Your life essence is reduced. (-10% HP)
Armour fits poorly on your strangely shaped body.
You are weak. (Str -2)


Message History

The greater mummy is almost destroyed.
You thrash the greater mummy!!
The greater mummy convulses.
The greater mummy is almost destroyed.
The greater mummy calls on the powers of darkness!
Your body is wracked with pain!
* * * LOW HITPOINT WARNING * * *
You hit the greater mummy but do no damage.
The greater mummy is almost destroyed.
You barely miss the greater mummy.
The greater mummy is almost destroyed.
The greater mummy calls on the powers of darkness!
Your body is wracked with pain!
* * * LOW HITPOINT WARNING * * *
Evoke which item? (* to show all) (? for menu, Esc to quit)
Okay, then.
You thrash the greater mummy!!
You destroy the greater mummy!
You feel extremely nervous for a moment...
You convulse helplessly as pain tears through your body!
You die...

#...............................
#...............................
#...............................
#.........######################
#.........# #.........#
#.........# #.........#
################## #.........#
#@..#............. #.........#
#(^.#............. #.........#
#...#............. #.........#
####'............. #.........#
#................. #.........#
#................. #.........#
#................. #.........#
#................. #.........#
#.................


There were no monsters in sight!

Vanquished Creatures
  A seraph (Pan)
  3 ancient liches
  2 juggernauts
  4 greater mummies (Tomb:1)
  Sojobo (Depths:4)
  Margery (Depths:1)
  Saint Roka (Orc:2)
  A caustic shrike (shapeshifter) (Depths:2)
  Xtahua (Depths:4)
  3 golden dragons
  Nikola (Shoals:4)
  7 pandemonium lords (Pan)
  2 pearl dragons (Pan)
  A profane servitor (Crypt:1)
  2 Brimstone Fiends (Pan)
  3 bone dragons
  2 Tzitzimimeh (Pan)
  Jorgrun (Vaults:1)
  6 tentacled monstrosities
  9 Ice Fiends (Pan)
  Rupert (Lair:4)
  5 Hell Sentinels (Pan)
  10 liches
  Asterion (Vaults:1)
  5 quicksilver dragons
  8 titans
  7 deep elf blademasters
  4 deep elf master archers
  21 Executioners (Pan)
  8 tentacled starspawn
  12 sphinxes
  2 shadow dragons
  The ghost of Tramtrist the Tortoise, an adept MiBe of Trog (Snake:2)
  15 tengu reavers
  10 nagarajas
  Ilsuiw (Shoals:4)
  7 warmongers (Pan)
  11 daevas (Pan)
  9 storm dragons
  4 revenants
  17 frost giants
  10 fire giants
  2 imperial myrmidons (Desolation)
  18 vault wardens
  13 cacodemons
  17 balrugs
  2 draconian zealots (Depths:5)
  3 juggernaut zombies
  2 iron dragons
  3 deep elf sorcerers
  4 deep elf elementalists
  7 ghouls
  3 curse skulls
  Aizul (Snake:3)
  19 angels (Pan)
  A ghost moth (Pan)
  3 draconian annihilators
  7 blood saints (Pan)
  43 very ugly things
  3 war gargoyles
  5 black suns (Pan)
  16 reapers
  19 ironheart preservers
  25 stone giants
  13 ophanim
  5 entropy weavers
  A spriggan defender (Depths:2)
  A caustic shrike skeleton (Crypt:1)
  A green draconian (Abyss:3)
  11 vampire knights
  23 apis (Pan)
  A stone giant (shapeshifter) (Depths:4)
  A black draconian (Abyss:1)
  12 corrupters (Pan)
  14 lorocyprocas
  2 draconian callers (Depths:5)
  2 bennus (Tomb:1)
  2 white draconians
  15 deep elf annihilators
  3 deep elf demonologists
  12 spark wasps
  3 halazid warlocks (Desolation)
  A red draconian (Depths:5)
  3 mottled draconians
  2 purple draconians (Abyss:3)
  6 eidola
  6 merfolk javelineers
  12 ettins
  9 merfolk impalers
  9 deep elf death magi
  16 blizzard demons
  Josephine (D:12)
  12 green deaths (Pan)
  8 fire dragons
  11 jiangshi
  2 great orbs of eyes (shapeshifter) (Abyss:3)
  7 mummy priests
  7 ragged hierophants (Desolation)
  3 crystal guardians
  6 deep elf high priests
  6 great orbs of eyes
  5 hydras
  8 servants of whispers (Desolation)
  7 hell beasts
  10 rakshasas
  23 yaktaur captains
  25 naga warriors
  Fannar (D:12)
  A catoblepas (Lair:6)
  28 vault guards
  2 juggernaut simulacra (Pan)
  14 monstrous demonspawn (Pan)
  4 peacekeepers (Desolation)
  5 merfolk aquamancers
  4 merfolk avatars
  6 spriggan air magi
  8 anacondas
  13 ice dragons
  An alligator snapping turtle (Shoals:4)
  11 centaur warriors
  A death knight (Vaults:3)
  14 ogre magi
  5 satyrs
  3 orc high priests
  15 death scarabs (Tomb:1)
  24 tengu warriors
  12 deep troll shamans
  7 hell hogs
  13 naga sharpshooters
  28 dancing weapons
  7 shock serpents
  16 deep troll earth magi
  8 spriggan berserkers
  11 vampire magi
  12 hell knights
  A titan zombie (Crypt:2)
  A shock serpent (shapeshifter) (Depths:4)
  29 deep elf knights
  8 wretched stars
  9 thrashing horrors
  The ghost of doot the Tainter, a novice OpVM of Vehumet (D:9)
  4 titan skeletons
  31 sun demons
  2 storm dragon zombies (Crypt:3)
  22 sixfirhies
  6 salamander mystics
  25 skeletal warriors
  3 spatial maelstroms
  2 iron trolls
  18 soul eaters
  2 golden dragon zombies (Crypt:3)
  11 shadow wraiths
  44 deep trolls
  9 flayed ghosts
  A spark wasp zombie (Depths:3)
  7 naga ritualists
  A quicksilver dragon simulacrum (Depths:3)
  An unseen horror (shapeshifter) (Vaults:5)
  A ghost moth zombie (Abyss:3)
  12 unseen horrors
  11 cherubim (Pan)
  6 infernal demonspawn (Pan)
  4 wizards
  A death drake (Abyss:1)
  8 gelid demonspawn (Pan)
  10 shadow demons (Pan)
  A deep troll (shapeshifter) (Depths:3)
  12 glowing orange brains
  7 torturous demonspawn (Pan)
  9 phantasmal warriors
  3 hill giants
  6 hexers
  A lindwurm (shapeshifter) (Abyss:3)
  7 sea snakes
  2 golden dragon skeletons
  22 ironbrand convokers
  13 orc knights
  68 deep elf magi
  6 necromancers
  24 harpies
  A wolf spider zombie (D:15)
  2 human zombies (Vaults:4)
  16 mana vipers
  24 deep elf archers
  A shadow dragon skeleton (Abyss:2)
  A shining eye (Abyss:1)
  A wolf spider (Vaults:4)
  A frost giant zombie (Tomb:1)
  6 worldbinders
  10 orc sorcerers
  24 salamanders
  17 fauns
  4 cyclopes
  70 ugly things
  14 manticores
  3 fire giant skeletons
  15 guardian serpents
  2 guardian serpents (shapeshifter) (Abyss:3)
  An iron dragon skeleton (Crypt:2)
  6 sirens
  2 frost giant skeletons
  Joseph (D:9)
  An apocalypse crab (Abyss:1)
  30 black mambas
  A centaur zombie (D:15)
  22 naga magi
  7 spiny frogs
  14 rust devils
  2 gargoyles
  43 smoke demons
  6 water nymphs
  A spriggan zombie (Depths:3)
  A torpor snail (Lair:5)
  2 molten gargoyles
  15 vault sentinels
  12 orange demons
  2 spiny frogs (shapeshifter)
  7 hellions
  A rime drake (shapeshifter) (Vaults:3)
  An alligator snapping turtle skeleton (Crypt:3)
  5 efreet
  6 komodo dragons
  17 demonic crawlers
  4 kobold demonologists
  2 rime drakes (Lair:4)
  8 ice devils
  3 komodo dragons (shapeshifter)
  92 yaktaurs
  17 tormentors (Pan)
  7 freezing wraiths
  8 tengu conjurers
  A meliai (shapeshifter) (Vaults:4)
  13 hellwings
  8 ancient zymes
  9 guardian mummies (Tomb:1)
  2 hydra zombies
  2 human skeletons
  A harpy zombie (Crypt:3)
  22 red devils
  8 trolls
  28 merfolk
  A minotaur zombie (Crypt:1)
  A hornet (shapeshifter) (D:15)
  52 saltlings (Desolation)
  7 hornets
  A two-headed ogre (shapeshifter) (Vaults:4)
  2 wind drakes
  4 polar bears
  Grinder (D:6)
  5 blink frogs
  An alligator zombie (Crypt:2)
  4 bog bodies
  18 two-headed ogres
  14 dream sheep
  A fire dragon zombie (Crypt:3)
  25 raiju
  A dream sheep (shapeshifter) (Vaults:4)
  11 hippogriffs
  A meliai zombie (D:14)
  30 slime creatures
  7 snapping turtles
  12 flying skulls
  An ettin skeleton (Abyss:2)
  4 shadows
  13 air elementals
  A redback (shapeshifter) (Vaults:2)
  19 ynoxinuls
  2 tarantellas
  7 redbacks
  10 spriggans
  An ice dragon skeleton (Pan)
  11 vampires (Crypt:3)
  16 water elementals
  12 wraiths
  4 wyverns
  2 basilisks
  36 yaks
  6 ushabtiu (Tomb:1)
  2 fire bats (Abyss:3)
  A basilisk (shapeshifter) (Vaults:2)
  54 large abominations
  A human (shapeshifter) (Elf:2)
  5 golden eyes
  A human simulacrum (Vaults:4)
  28 chaos spawn
  6 vampire mosquitoes
  2 fire elementals
  A steam dragon (Temple)
  27 neqoxecs
  63 nagas
  An insubstantial wisp (Abyss:1)
  3 mottled dragons
  A spatial vortex (Abyss:3)
  A glowing shapeshifter zombie (Crypt:2)
  A hydra simulacrum (Abyss:3)
  13 wargs
  A soldier ant (D:15)
  12 water moccasins
  Duvessa (D:7)
  12 porcupines
  2 hell hounds
  A swamp drake (D:12)
  A gelid demonspawn skeleton (Pan)
  4 sky beasts
  42 orc warriors
  A lindwurm zombie (Crypt:1)
  8 ice beasts
  A sky beast (shapeshifter) (Vaults:2)
  A black bear (shapeshifter) (Vaults:3)
  6 necrophages
  An eye of draining (shapeshifter) (Elf:2)
  4 phantoms
  A swamp drake (shapeshifter) (Vaults:3)
  3 black bears (Lair:6)
  19 boggarts
  2 ettin simulacra (Depths:3)
  15 small abominations
  25 wolves
  72 ogres
  3 eyes of draining
  30 centaurs
  7 crocodiles
  2 big kobolds
  16 bullfrogs
  3 elf zombies (Elf:1)
  A draconian skeleton (Crypt:1)
  An earth elemental (Elf:2)
  Dowan (D:7)
  4 scorpions
  3 killer bees (D:10)
  9 wights
  A polar bear skeleton (Crypt:2)
  A wolf zombie (Crypt:1)
  2 howler monkeys
  2 bullfrog zombies (D:12)
  6 crimson imps
  45 starcursed masses
  4 quasits
  13 orc priests
  6 hounds
  4 jellies
  42 orc wizards
  A bullfrog skeleton (D:10)
  4 iron imps
  Jessica (D:2)
  8 centaur skeletons
  6 iguanas
  8 worker ants
  A tengu skeleton (Crypt:2)
  11 mummies (Tomb:1)
  2 worker ant zombies
  3 gnolls (D:4)
  12 adders
  3 shadow imps
  A swamp drake skeleton (Crypt:3)
  2 white imps
  An ooze (D:3)
  2 adder skeletons
  3 worms
  5 dart slugs
  4 leopard geckos
  114 orcs
  A ball python (D:2)
  13 bats
  3 giant cockroaches
  8 hobgoblins
  13 jackals
  15 kobolds
  6 quokkas
  3 frilled lizards
  8 goblins
  An orc zombie (Abyss:1)
  2 quokka zombies (D:5)
  7 rats
  A bush (Abyss:3)
  A fire vortex (Pan)
  3 lurking horrors
  5 starspawn tentacles
3441 creatures vanquished.

Vanquished Creatures (collateral kills)
  Geryon (Abyss:1)
  A pandemonium lord (Pan)
  Jory (Crypt:3)
  A bone dragon (Abyss:1)
  A Tzitzimitl (Pan)
  An eldritch tentacle (Abyss:3)
  4 tentacled starspawn
  A warmonger (Pan)
  6 Executioners (Pan)
  2 sphinxes (Tomb:1)
  2 daevas (Pan)
  A fire giant (Abyss:3)
  A balrug (Pan)
  A frost giant (Abyss:3)
  A draconian scorcher (Abyss:1)
  A ghost moth (Pan)
  6 angels (Pan)
  2 cacodemons (Pan)
  2 reapers (Pan)
  4 very ugly things
  A draconian annihilator (Pan)
  2 ghouls
  An ironheart preserver (Vaults:4)
  2 ophanim (Pan)
  A draconian caller (Depths:5)
  7 vampire knights
  6 apis (Pan)
  A black sun (Pan)
  7 lorocyprocas
  A deep elf death mage (Crypt:2)
  2 blizzard demons
  6 jiangshi
  6 green deaths
  A quicksilver dragon zombie (Crypt:3)
  A monstrous demonspawn (Pan)
  2 rakshasas
  A hydra (Lair:2)
  5 vampire magi
  4 hell hogs
  A death scarab (Tomb:1)
  4 thrashing horrors
  A deep elf knight (Vaults:1)
  2 wretched stars
  6 soul eaters
  11 sun demons (Pan)
  15 sixfirhies
  6 skeletal warriors
  2 shadow wraiths
  A storm dragon skeleton (Crypt:1)
  A gelid demonspawn (Pan)
  A shadow demon (Pan)
  A glowing orange brain (Pan)
  2 infernal demonspawn (Pan)
  5 cherubim (Pan)
  3 torturous demonspawn (Pan)
  A golden dragon zombie (Crypt:3)
  An anaconda zombie (Crypt:3)
  An orange crystal statue (Depths:4)
  A wizard (Pan)
  A phantasmal warrior (Crypt:3)
  A deep elf archer (Vaults:1)
  A necromancer (Hell)
  3 ugly things
  An orc knight (Vaults:1)
  A deep elf mage (Vaults:4)
  2 stone giant skeletons (Pan)
  A fire giant skeleton (Abyss:3)
  9 smoke demons
  2 guardian serpents
  6 orange demons
  A rust devil (Abyss:1)
  A hellion (Pan)
  2 ancient zymes
  2 guardian mummies (Tomb:1)
  2 ice devils (Pan)
  2 tormentors
  2 hellwings (Pan)
  4 demonic crawlers (Pan)
  A harpy zombie (Crypt:3)
  A hydra zombie (Crypt:3)
  5 red devils (Pan)
  A raiju (Abyss:3)
  A slime creature (Vaults:1)
  2 flying skulls (Tomb:1)
  An ushabti (Tomb:1)
  9 vampires (Crypt:3)
  3 ynoxinuls
  A wraith (Abyss:1)
  A shadow (Crypt:1)
  2 golden eyes (Abyss:3)
  6 chaos spawn
  A spatial vortex (Abyss:1)
  2 neqoxecs (Pan)
  An infernal demonspawn zombie (Crypt:2)
  6 small abominations
  18 large abominations
  A water moccasin (Lair:2)
  An ogre (Depths:1)
  A yaktaur zombie (Crypt:3)
  2 wights (Crypt:3)
  A spriggan skeleton (Pan)
  10 starcursed masses
  A quasit (Abyss:1)
  A centaur skeleton (Pan)
  A felid skeleton (Crypt:3)
  A mummy (Tomb:1)
  A white imp (Abyss:3)
  A fire vortex (Pan)
291 creatures vanquished.

Vanquished Creatures (others)
  A lich (Tomb:1)
  9 eldritch tentacles
  5 stone giants
  A vampire knight (Crypt:2)
  A spark wasp (Depths:3)
  A yaktaur captain (Depths:1)
  A rakshasa (Pan)
  A centaur warrior (Vaults:3)
  A hell hog (Abyss:3)
  2 death scarabs (Tomb:1)
  A vampire mage (Crypt:3)
  A hell knight (Depths:4)
  2 deep elf knights
  A quicksilver dragon simulacrum (Depths:3)
  An anaconda zombie (Tomb:1)
  A sea snake (Shoals:4)
  A death drake (Abyss:3)
  4 deep elf archers
  A gelid demonspawn (Pan)
  39 hexers
  A glowing orange brain (Abyss:3)
  3 shadow demons
  3 deep elf magi
  A harpy (Vaults:1)
  An anaconda skeleton (Abyss:1)
  An ugly thing (Pan)
  2 cyclopes
  3 ancestors (Abyss:1)
  A salamander (Depths:1)
  15 yaktaurs
  A tengu conjurer (Depths:5)
  4 raiju
  2 large abominations
  2 flying skulls (Tomb:1)
  A redback (Vaults:5)
  An ushabti (Tomb:1)
  A neqoxec (Pan)
  4 spatial vortices
  4 ettin simulacra (Depths:3)
  3 centaurs (Vaults:3)
  A small abomination (Abyss:1)
  An iron imp (Abyss:1)
  An orc wizard (Orc:2)
  A mummy (Tomb:1)
  12 ball lightnings
  3 orcs
  7 fire vortices
  5 fungi
  2 lurking horrors (Abyss:3)
  28 plants
  49 starspawn tentacles
239 creatures vanquished.

Grand Total: 3971 creatures vanquished

Notes
Turn   | Place    | Note
-------+----------+-------------------------------------------
     0 | D:1      | nono the Halfling Monk began the quest for the Orb.
     0 | D:1      | Reached XP level 1. HP: 15/15 MP: 1/1
   127 | D:1      | Reached XP level 2. HP: 20/20 MP: 2/2
   228 | D:1      | Reached skill level 1 in Slings
   491 | D:1      | Reached XP level 3. HP: 25/25 MP: 3/3
   965 | D:2      | Noticed Jessica
   974 | D:2      | Killed Jessica
   974 | D:2      | Reached XP level 4. HP: 30/30 MP: 4/4
  1159 | D:2      | Found a blossoming altar of Fedhas.
  1181 | D:2      | Found a burning altar of Makhleb.
  1462 | D:2      | Reached skill level 5 in Slings
  1862 | D:3      | Reached XP level 5. HP: 35/35 MP: 5/5
  2033 | D:3      | Found a basalt altar of Yredelemnul.
  2034 | D:3      | Found a hazy altar of Hepliaklqana.
  2034 | D:3      | Found a shimmering altar of Xom.
  2079 | D:3      | Noticed a phantom
  2115 | D:3      | Killed a phantom
  2115 | D:3      | Reached XP level 6. HP: 20/41 MP: 6/6
  2504 | D:3      | Found a sparkling altar of Nemelex Xobeh.
  2650 | D:3      | Noticed a dagger
  2651 | D:3      | Noticed a hand axe
  2654 | D:3      | Found a hide-covered altar of Uskayaw.
  3429 | D:4      | Noticed an ogre
  3438 | D:4      | Killed an ogre
  3438 | D:4      | Reached XP level 7. HP: 45/45 MP: 7/7
  3580 | D:4      | Noticed Paps's ghost (amateur TrFi)
  3895 | D:5      | Entered Level 5 of the Dungeon
  3991 | D:5      | Reached skill level 10 in Slings
  4421 | D:5      | Found a snail-covered altar of Cheibriados.
  4479 | D:5      | Found a shattered altar of Ashenzari.
  4750 | D:5      | Reached XP level 8. HP: 32/51 MP: 8/8
  5346 | D:5      | Noticed Menkaure
  5477 | D:6      | Found a sacrificial altar of Ru.
  5536 | D:6      | Noticed Grinder
  5549 | D:6      | Killed Grinder
  5549 | D:6      | Reached XP level 9. HP: 55/55 MP: 9/9
  6280 | D:6      | Found a deep blue altar of Sif Muna.
  6710 | D:7      | Found a staircase to the Ecumenical Temple.
  6719 | Temple   | Entered the Ecumenical Temple
  6737 | Temple   | Reached skill level 15 in Slings
  6949 | Temple   | Became a worshipper of Warmaster Okawaru
  6949 | Temple   | Reached * piety under Okawaru
  6949 | Temple   | Reached ** piety under Okawaru
  7042 | D:7      | Gained mutation: Your mind is acute. (Int +2) [mutagenic meat]
  7119 | D:7      | Noticed Dowan
  7126 | D:7      | Killed Dowan
  7127 | D:7      | Noticed Duvessa
  7148 | D:7      | Killed Duvessa
  7863 | D:8      | Found a shimmering altar of Xom.
  7932 | D:8      | Found Iraoqal's Armour Shop.
  8280 | D:8      | Noticed a hill giant
  8418 | D:9      | Reached XP level 10. HP: 61/61 MP: 10/10
  8687 | D:9      | Noticed doot's ghost (novice OpVM)
  8876 | D:9      | Noticed Joseph
  8924 | D:10     | Entered Level 10 of the Dungeon
  9029 | D:10     | Reached *** piety under Okawaru
  9045 | D:10     | Found a portal to a secret trove of treasure.
  9268 | D:10     | Reached skill level 1 in Invocations
 10199 | D:10     | Found a staircase to the Lair.
 10208 | Lair:1   | Entered Level 1 of the Lair of Beasts
 10546 | Lair:1   | Reached **** piety under Okawaru
 10734 | Lair:1   | Noticed a six-headed hydra
 10777 | Lair:1   | Reached skill level 5 in Invocations
 10777 | Lair:1   | Reached XP level 11. HP: 66/66 MP: 14/14
 10952 | Lair:1   | Received a gift from Okawaru
 11509 | Lair:2   | Killed a six-headed hydra
 11509 | Lair:2   | Received a gift from Okawaru
 11509 | Lair:2   | Reached ***** piety under Okawaru
 11671 | Lair:2   | Received a gift from Okawaru
 12598 | Lair:3   | Found a staircase to the Snake Pit.
 12720 | Lair:3   | Received a gift from Okawaru
 13125 | Lair:3   | Reached XP level 12. HP: 59/72 MP: 18/18
 14241 | Lair:4   | Noticed Rupert
 14287 | Lair:4   | Received a gift from Okawaru
 14287 | Lair:4   | Reached skill level 3 in Fighting
 14315 | Lair:4   | Found a frozen archway.
 14360 | Lair:4   | Killed Rupert
 14360 | Lair:4   | Received a gift from Okawaru
 14360 | Lair:4   | Reached skill level 5 in Fighting
 14521 | Lair:4   | Reached skill level 6 in Fighting
 14571 | Lair:4   | Noticed a five-headed hydra
 14732 | Lair:3   | Found a staircase to the Shoals.
 14872 | Lair:4   | Noticed an eight-headed hydra
 14879 | Lair:4   | Killed an eight-headed hydra
 14879 | Lair:4   | Reached skill level 7 in Fighting
 15126 | Lair:4   | Killed a five-headed hydra
 15337 | Lair:5   | Noticed a seven-headed hydra
 15341 | Lair:4   | Received a gift from Okawaru
 15361 | Lair:5   | Killed a seven-headed hydra
 15361 | Lair:5   | Reached skill level 8 in Fighting
 15361 | Lair:5   | Reached XP level 13. HP: 88/88 MP: 19/19
 15490 | Lair:5   | Received a gift from Okawaru
 15528 | Lair:5   | Learned a level 1 spell: Apportation
 15610 | Lair:5   | Found a staircase to the Slime Pits.
 15611 | Lair:5   | Found a viscous altar of Jiyva.
 15627 | Lair:5   | Reached skill level 1 in Translocations
 15710 | Lair:5   | Got a crystal rapier
 15711 | Lair:5   | Identified the +3 rapier of the Two Names {pierce, Str+4} (You found it on level 5 of the Lair of Beasts)
 15737 | Lair:5   | Got an ichor-stained ring mail
 15748 | Lair:5   | Identified the +4 ring mail of Polytheism {*Drain MR+ Str+4 SInv} (You found it on level 5 of the Lair of Beasts)
 16115 | Lair:6   | Entered Level 6 of the Lair of Beasts
 16157 | Lair:6   | Noticed a four-headed hydra
 16170 | Lair:6   | Killed a four-headed hydra
 16170 | Lair:6   | Reached skill level 9 in Fighting
 16770 | Lair:6   | Noticed a catoblepas
 16785 | Lair:6   | Killed a catoblepas
 16785 | Lair:6   | Reached skill level 5 in Translocations
 16955 | Lair:6   | Received a gift from Okawaru
 17061 | Lair:6   | Reached skill level 10 in Fighting
 17228 | Lair:6   | Reached skill level 5 in Dodging
 17279 | Lair:6   | Received a gift from Okawaru
 17354 | Lair:6   | Received a gift from Okawaru
 17877 | Lair:6   | Identified a scroll of acquirement
 18007 | Lair:6   | Received a gift from Okawaru
 18508 | D:9      | Killed doot's ghost
 18508 | D:9      | Reached XP level 14. HP: 93/99 MP: 17/20
 18536 | D:9      | Killed Joseph
 19357 | D:11     | Received a gift from Okawaru
 20186 | D:12     | Reached skill level 10 in Dodging
 20226 | D:12     | Received a gift from Okawaru
 20532 | D:12     | Found a staircase to the Orcish Mines.
 21085 | Orc:1    | Entered Level 1 of the Orcish Mines
 21087 | Orc:1    | Noticed Fannar
 21087 | Orc:1    | Noticed Josephine
 21106 | D:12     | Killed Josephine
 21106 | D:12     | Received a gift from Okawaru
 21212 | D:12     | Killed Fannar
 21713 | Orc:2    | Entered Level 2 of the Orcish Mines
 21983 | Orc:2    | Noticed Saint Roka
 22353 | Orc:2    | Killed Saint Roka
 22639 | Orc:2    | Paralysed by an orc sorcerer for 3 turns
 22741 | Orc:2    | Found Huzohets's Gadget Boutique.
 22741 | Orc:2    | Found Pirhupuff's Assorted Antiques.
 23103 | Orc:2    | Reached skill level 1 in Shields
 23145 | Orc:2    | Found a roughly hewn altar of Beogh.
 23201 | Orc:2    | Reached XP level 15. HP: 105/105 MP: 21/21
 23204 | Orc:2    | Found Oroliock's Distillery.
 23204 | Orc:2    | Found Vedad's Gadget Boutique.
 23227 | Orc:2    | Bought a potion of curing for 42 gold pieces
 23227 | Orc:2    | Bought a potion of curing for 42 gold pieces
 23597 | Orc:2    | Found a staircase to the Elven Halls.
 23759 | Orc:1    | Found a roughly hewn altar of Beogh.
 23967 | Orc:1    | Reached skill level 5 in Shields
 24214 | Orc:1    | Received a gift from Okawaru
 24385 | Orc:2    | Bought a glowing cloak for 273 gold pieces
 24413 | Orc:2    | Bought a wand of digging (14/24) for 468 gold pieces
 24445 | Orc:2    | Bought a potion of agility for 56 gold pieces
 25736 | D:14     | Received a gift from Okawaru
 25920 | D:14     | Found a blossoming altar of Fedhas.
 25967 | D:14     | Received a gift from Okawaru
 25974 | D:14     | Got an ancient hunting sling {god gift}
 25975 | D:14     | Identified the +4 hunting sling "Fiopsint" {speed, rElec rF+ Str+2 Int-5} (Okawaru gifted it to you on level 14 of the Dungeon)
 26311 | D:14     | Found a gate to the Vaults.
 26345 | D:15     | Entered Level 15 of the Dungeon
 26477 | D:15     | Reached skill level 10 in Shields
 26696 | D:15     | Found a staircase to the Depths.
 26696 | D:15     | Noticed a fire giant
 26932 | D:15     | Killed a fire giant
 26932 | D:15     | Received a gift from Okawaru
 27111 | D:15     | Received a gift from Okawaru
 27411 | D:15     | Received a gift from Okawaru
 27427 | D:15     | Reached XP level 16. HP: 95/110 MP: 22/22
 28070 | Snake:1  | Entered Level 1 of the Snake Pit
 28487 | Snake:1  | Received a gift from Okawaru
 28914 | Snake:1  | Reached ****** piety under Okawaru
 28919 | Snake:1  | Received a gift from Okawaru
 29062 | Snake:1  | Learned a level 2 spell: Repel Missiles
 29401 | Snake:2  | Found Esea's Gadget Shoppe.
 29724 | Snake:2  | Found Rabuttepp's Assorted Antiques.
 29729 | Snake:2  | Bought a scroll of identify for 80 gold pieces
 29730 | Snake:2  | Bought a scroll of blinking for 300 gold pieces
 29734 | Snake:2  | Bought a pair of runed gloves for 420 gold pieces
 29877 | Snake:2  | Found Nusyllel's Distillery.
 29879 | Snake:2  | Noticed Tramtrist's ghost (adept MiBe)
 29923 | Snake:2  | Killed Tramtrist's ghost
 29923 | Snake:2  | Received a gift from Okawaru
 29923 | Snake:2  | Reached skill level 1 in Charms
 29923 | Snake:2  | Reached skill level 1 in Air Magic
 30459 | Snake:2  | Found Hyhamos's Antique Weapon Shop.
 30459 | Snake:2  | Found Ipoi's Armour Boutique.
 30463 | Snake:2  | Found Caxt's Food Shop.
 30490 | Snake:2  | Bought a +2 helmet of intelligence for 344 gold pieces
 30898 | Snake:2  | Found Jaehirot's Magic Scroll Shop.
 30904 | Snake:2  | Bought a scroll of identify for 24 gold pieces
 30904 | Snake:2  | Bought a scroll of enchant weapon for 90 gold pieces
 31140 | Snake:3  | Noticed a nagaraja
 31243 | Snake:3  | Reached XP level 17. HP: 111/116 MP: 23/23
 31264 | Snake:3  | Reached skill level 5 in Charms
 31274 | Snake:3  | Received a gift from Okawaru
 31286 | Snake:3  | Got a heavily runed shield {god gift}
 31292 | Snake:3  | Identified the +0 shield of the Six Wonders {MR+ Int+3 Dex-2} (Okawaru gifted it to you on level 3 of the Snake Pit)
 31338 | Snake:3  | Noticed Roxanne
 31482 | Snake:3  | Reached skill level 5 in Air Magic
 31609 | Snake:3  | Found Geass's Armour Shoppe.
 31612 | Snake:3  | Found Boxatalisch's Gadget Shoppe.
 31612 | Snake:3  | Found Feysitoo's Distillery.
 31615 | Snake:3  | Found Ygromeg's Distillery.
 31673 | Snake:3  | Noticed Aizul
 31695 | Snake:3  | Killed Aizul
 32062 | Snake:4  | Entered Level 4 of the Snake Pit
 32418 | Snake:4  | Reached skill level 1 in Armour
 32590 | Snake:4  | Got a translucent ring mail
 32639 | Snake:4  | Identified the +4 ring mail "Dotasch" {*Corrode Int+3} (You found it on level 4 of the Snake Pit)
 32696 | Snake:4  | Received a gift from Okawaru
 32945 | Snake:4  | Reached skill level 5 in Armour
 33046 | Snake:4  | Received a gift from Okawaru
 33872 | Snake:4  | Reached XP level 18. HP: 122/122 MP: 24/24
 34307 | Snake:4  | Reached skill level 10 in Armour
 34753 | Snake:4  | Received a gift from Okawaru
 35170 | Snake:4  | Received a gift from Okawaru
 35411 | Snake:4  | Got a serpentine rune of Zot
 35740 | Snake:4  | Received a gift from Okawaru
 36091 | Shoals:1 | Entered Level 1 of the Shoals
 36122 | Shoals:1 | Reached skill level 1 in Evocations
 36847 | Shoals:2 | Received a gift from Okawaru
 37022 | Shoals:2 | Identified a +4 rod of ignition (9/9) (You found it on level 1 of the Shoals)
 37197 | Shoals:2 | Learned a level 5 spell: Silence
 37803 | Shoals:2 | Reached skill level 15 in Shields
 37818 | Shoals:2 | Reached XP level 19. HP: 92/127 MP: 23/25
 38131 | Shoals:3 | Found Udyat's General Store.
 38491 | Shoals:4 | Entered Level 4 of the Shoals
 38738 | Shoals:4 | Received a gift from Okawaru
 38845 | Shoals:4 | Received a gift from Okawaru
 38944 | Shoals:4 | Noticed Nikola
 38966 | Shoals:4 | Killed Nikola
 39322 | Shoals:4 | Noticed Ilsuiw
 39338 | Shoals:4 | Killed Ilsuiw
 39658 | Shoals:4 | Got a barnacled rune of Zot
 39686 | Shoals:4 | Received a gift from Okawaru
 39700 | Shoals:4 | Got a pair of smoking boots {god gift}
 39706 | Shoals:4 | Identified the +0 pair of boots of Nopsoergh {rElec SInv} (Okawaru gifted it to you on level 4 of the Shoals)
 39896 | Shoals:4 | Got a twisted hunting sling {god gift}
 39897 | Shoals:4 | Identified the +6 hunting sling of Xuulatt {flame, +Fly rElec rF+ MR-} (Okawaru gifted it to you on level 4 of the Shoals)
 40243 | Vaults:1 | Entered Level 1 of the Vaults
 40449 | Vaults:1 | Reached skill level 10 in Invocations
 40889 | Vaults:1 | Noticed Asterion
 40892 | Vaults:1 | Reached XP level 20. HP: 112/133 MP: 20/28
 40912 | Vaults:1 | Killed Asterion
 41305 | Vaults:1 | Learned a level 2 spell: Blink
 41416 | Vaults:1 | Received a gift from Okawaru
 41663 | Vaults:1 | Noticed Jorgrun
 41691 | Vaults:1 | Killed Jorgrun
 41691 | Vaults:1 | Received a gift from Okawaru
 42534 | Vaults:1 | Received a gift from Okawaru
 42534 | Vaults:1 | Reached skill level 11 in Fighting
 42952 | Vaults:2 | Received a gift from Okawaru
 43102 | Vaults:2 | Found a ruined gateway.
 43109 | Desolati | Entered the Desolation of Salt
 43149 | Desolati | Reached skill level 5 in Stealth
 43246 | Desolati | Received a gift from Okawaru
 43560 | Desolati | Received a gift from Okawaru
 43573 | Desolati | Got an ancient golden ring
 43578 | Desolati | Identified the ring of Gonwaist {Dex+2 SInv Stlth-} (You found it in the Desolation of Salt)
 43582 | Desolati | Got a steaming lapis lazuli ring
 43583 | Desolati | Identified the ring "Pume" {rC+ Stlth+} (You found it in the Desolation of Salt)
 43588 | Desolati | Got a slimy platinum ring
 43592 | Desolati | Identified a ring "Vounef" {rF+ Str+5 SInv} (You found it in the Desolation of Salt)
 43596 | Desolati | Identified the Reference Book on Flames and Dislocation
 43834 | Desolati | Reached XP level 21. HP: 117/142 MP: 30/30
 43954 | Desolati | Got a bloodstained scimitar
 43958 | Desolati | Identified the +8 scimitar "ETAOIN SHRDLU" {drain, rF- rC+++ MR+ Str+3 Dex+8} (You found it in the Desolation of Salt)
 43989 | Desolati | Received a gift from Okawaru
 43989 | Desolati | Reached skill level 12 in Fighting
 44059 | Desolati | Got an ancient ring mail {god gift}
 44070 | Desolati | Identified the +7 ring mail of Refuge {rC- MR+ Int+3 SInv} (Okawaru gifted it to you in the Desolation of Salt)
 44113 | Desolati | Got a pitted emerald amulet
 44117 | Desolati | Identified the amulet "Egutitun" {Inacc rN+ Dex+2} (You found it in the Desolation of Salt)
 44534 | Desolati | Got a steaming marble ring
 45029 | Vaults:2 | Identified the ring of the Raven {Str+2 Dex+3 Stlth+} (You took it off a servant of whispers in the Desolation of Salt)
 45095 | Vaults:2 | Reached skill level 13 in Fighting
 45197 | Vaults:2 | Found a staircase to the Crypt.
 45849 | Vaults:3 | Got an ancient war axe
 45850 | Vaults:3 | Identified the +8 war axe of Courage {freeze, MP+9} (You found it on level 3 of the Vaults)
 45918 | Vaults:2 | Reached skill level 14 in Fighting
 46400 | Vaults:3 | Received a gift from Okawaru
 46529 | Vaults:3 | Reached skill level 15 in Fighting
 46565 | Vaults:3 | Reached XP level 22. HP: 157/157 MP: 28/31
 47292 | Vaults:3 | Received a gift from Okawaru
 47320 | Vaults:3 | Reached skill level 16 in Fighting
 48055 | Vaults:3 | Received a gift from Okawaru
 48521 | Vaults:3 | Received a gift from Okawaru
 49320 | Vaults:4 | Received a gift from Okawaru
 49336 | Vaults:4 | Reached skill level 10 in Translocations
 50157 | Vaults:4 | Found Piumoaf's Antique Weapon Boutique.
 50367 | Vaults:4 | Reached XP level 23. HP: 165/165 MP: 32/32
 51724 | Shoals:3 | Bought a scroll of acquirement for 936 gold pieces
 52111 | Elf:1    | Entered Level 1 of the Elven Halls
 52326 | Elf:1    | Reached skill level 10 in Charms
 52712 | Elf:1    | Received a gift from Okawaru
 52772 | Elf:1    | Identified the Guide on Unholy Magic
 53256 | Elf:2    | Found Mynox's Magic Scroll Shoppe.
 53319 | Elf:2    | Found a runed gate.
 53319 | Elf:2    | Found a runed gate.
 53321 | Elf:2    | Found a runed gate.
 53885 | Elf:3    | Entered Level 3 of the Elven Halls
 53958 | Elf:3    | Received a gift from Okawaru
 53958 | Elf:3    | Reached skill level 15 in Charms
 53961 | Elf:3    | Got an encrusted hat {god gift}
 53973 | Elf:3    | Identified the +2 hat "Rualery" {rN+} (Okawaru gifted it to you on level 3 of the Elven Halls)
 54552 | Elf:3    | Reached XP level 24. HP: 149/171 MP: 29/32
 54613 | Elf:3    | Got a pair of blackened gloves
 54624 | Elf:3    | Identified the +0 pair of gloves of Cynyqaoff {rN+} (You found it on level 3 of the Elven Halls)
 54642 | Elf:3    | Learned a level 2 spell: Swiftness
 54708 | Elf:3    | Identified the Tome of Damage Dealing
 54775 | Elf:3    | Identified Awnygh's Papyrus of Aid
 54781 | Elf:3    | Learned a level 3 spell: Regeneration
 54785 | Elf:3    | Identified the Almanac of Calling
 54881 | Elf:3    | Got a pair of scorched gloves
 54887 | Elf:3    | Identified the +2 pair of gloves of Zeisoa {Str+5} (You found it on level 3 of the Elven Halls)
 54897 | Elf:3    | Got a steaming steel ring
 54899 | Elf:3    | Identified the ring of Contentment {rC+ MR+} (You found it on level 3 of the Elven Halls)
 55545 | Elf:2    | Learned a level 3 spell: Ozocubu's Armour
 55909 | Depths:1 | Entered Level 1 of the Depths
 56364 | Depths:1 | Received a gift from Okawaru
 56543 | Depths:1 | Found a one-way gate to the infinite horrors of the Abyss.
 56653 | Depths:1 | Received a gift from Okawaru
 56668 | Depths:1 | Got a pair of warped boots {god gift}
 56680 | Depths:1 | Identified the +0 pair of boots of the Merchant {*Corrode Str+3 Int+2 Dex+10} (Okawaru gifted it to you on level 1 of the Depths)
 57085 | Depths:1 | Got a crude chain mail
 57097 | Depths:1 | Identified the +6 chain mail of the Solstice {rN+} (You found it on level 1 of the Depths)
 57134 | Depths:1 | Found a gateway to Hell.
 57174 | Depths:1 | Noticed Margery
 57198 | Depths:1 | Killed Margery
 57382 | Depths:1 | Found a sparkling altar of Nemelex Xobeh.
 58482 | Depths:2 | Reached XP level 25. HP: 163/177 MP: 32/32
 58704 | Depths:2 | Received a gift from Okawaru
 58732 | Depths:2 | Noticed a juggernaut
 58751 | Depths:2 | Killed a juggernaut
 58927 | Depths:2 | Received a gift from Okawaru
 59020 | Depths:2 | Got a slimy plate armour
 59031 | Depths:2 | Identified the +10 plate armour of Valiance {Dex+5} (You found it on level 2 of the Depths)
 59340 | Depths:2 | Noticed a caustic shrike
 59357 | Depths:2 | Killed a caustic shrike
 59485 | Depths:2 | Got an ichor-stained demon trident {pierce}
 59501 | Depths:2 | Received a gift from Okawaru
 59703 | Depths:2 | Found a deep blue altar of Sif Muna.
 59721 | Depths:2 | Got a clouded amethyst amulet
 59873 | Depths:2 | Identified Ledghaas's Tome of the Escort
 60320 | Depths:3 | Found a sacrificial altar of Ru.
 60598 | D:14     | Identified the amulet "Hebiuraxt" {RegenMP Fragile rC++ MR+ Dex+2} (You took it off a vampire mage on level 2 of the Depths)
 60751 | Depths:3 | Reached skill level 1 in Maces & Flails
 61025 | Depths:3 | Found a snail-covered altar of Cheibriados.
 61173 | Depths:3 | Received a gift from Okawaru
 61242 | Depths:3 | Reached skill level 5 in Maces & Flails
 61332 | Depths:3 | Received a gift from Okawaru
 61750 | Depths:3 | Noticed a juggernaut
 61765 | Depths:3 | Killed a juggernaut
 61765 | Depths:3 | Reached XP level 26. HP: 147/183 MP: 34/34
 62213 | Depths:3 | Received a gift from Okawaru
 62568 | Depths:3 | Received a gift from Okawaru
 62653 | Depths:3 | Reached skill level 10 in Maces & Flails
 62820 | Depths:3 | Found a radiant altar of Vehumet.
 62820 | Depths:3 | Found a one-way gate leading to the halls of Pandemonium.
 62895 | Depths:3 | Reached skill level 15 in Dodging
 63014 | Depths:3 | Found a deep blue altar of Sif Muna.
 63219 | Depths:3 | Got a bronze chain mail
 63220 | Depths:3 | Identified the +0 chain mail of Baldness {rF+ Regen+ Dex+4} (You took it off a tengu warrior on level 3 of the Depths)
 63552 | Depths:4 | Found Kairchoc's Distillery.
 63561 | Depths:4 | Found a flickering gateway to a bazaar.
 63570 | Bazaar   | Entered a bazaar
 63574 | Bazaar   | Found Dijuatos's Jewellery Boutique.
 63592 | Bazaar   | Found Mesiojuy's Antique Armour Shoppe.
 63597 | Bazaar   | Bought an ancient helmet for 351 gold pieces
 63614 | Bazaar   | Identified the +2 helmet of Zaduiqir {MR+ Str+2} (You bought it in a shop in a bazaar)
 63626 | Bazaar   | Found Toicsap's Book Boutique.
 63643 | Bazaar   | Found Jahir's Antique Weapon Emporium.
 63665 | Bazaar   | Bought an uncursed ring of poison resistance for 240 gold pieces
 63800 | Depths:4 | Bought a potion of resistance for 130 gold pieces
 63800 | Depths:4 | Bought a potion of heal wounds for 65 gold pieces
 63986 | Depths:4 | Noticed Xtahua
 64000 | Depths:4 | Killed Xtahua
 64038 | Depths:4 | Received a gift from Okawaru
 64175 | Depths:4 | Received a gift from Okawaru
 64211 | Depths:4 | Found Akic's Food Emporium.
 64241 | Depths:4 | Found Obiproasi's General Store.
 64383 | Depths:4 | Found a runed door.
 64407 | Depths:4 | Noticed Sojobo
 64459 | Depths:4 | Killed Sojobo
 64605 | Depths:4 | Found Qytsi's Gadget Emporium.
 64605 | Depths:4 | Found Feurrit's Jewellery Shop.
 64606 | Depths:4 | Found Epiutis's Gadget Emporium.
 64939 | Depths:4 | Found a gateway to a ziggurat.
 65075 | Depths:4 | Found a runed door.
 65100 | Depths:4 | Reached XP level 27. HP: 185/189 MP: 29/34
 65107 | Depths:4 | Received a gift from Okawaru
 65148 | Depths:4 | Received a gift from Okawaru
 65246 | Depths:4 | Received a gift from Okawaru
 65395 | Depths:5 | Entered Level 5 of the Depths
 65725 | Depths:5 | Found a gate to the Realm of Zot.
 66567 | Hell     | Entered the Vestibule of Hell
 66567 | Hell     | Noticed Geryon
 66792 | Hell     | Banished Geryon
 68621 | Vaults:5 | Entered Level 5 of the Vaults
 68703 | Vaults:5 | Reached skill level 17 in Fighting
 68704 | Vaults:5 | Received a gift from Okawaru
 68705 | Vaults:5 | Received a gift from Okawaru
 68727 | Vaults:5 | Noticed an ancient lich
 68974 | Vaults:4 | Killed an ancient lich
 68974 | Vaults:4 | Reached skill level 18 in Fighting
 69257 | Vaults:4 | Received a gift from Okawaru
 69257 | Vaults:4 | Was placed under penance by Okawaru
 69510 | Vaults:4 | Was forgiven by Okawaru
 69945 | Vaults:5 | Reached skill level 19 in Fighting
 70305 | Vaults:5 | Identified Sif Muna's Incunabulum of Warped Blows and Bruises
 70332 | Vaults:5 | Received a gift from Okawaru
 70522 | Vaults:5 | Got a fine platinum amulet
 70523 | Vaults:5 | Identified the amulet of Tejaqol {Spirit rF+} (You took it off a deep elf annihilator on level 5 of the Vaults)
 70842 | Vaults:5 | Received a gift from Okawaru
 71193 | Vaults:5 | Noticed an ancient lich
 71216 | Vaults:5 | Killed an ancient lich
 71254 | Vaults:5 | Got a silver rune of Zot
 71342 | Vaults:5 | Received a gift from Okawaru
 71929 | Depths:1 | Voluntarily entered the Abyss.
 71958 | Abyss:1  | Found a corrupted altar of Lugonu.
 71978 | Abyss:1  | Found a snail-covered altar of Cheibriados.
 72484 | Abyss:2  | Was placed under penance by Okawaru
 72701 | Depths:1 | Escaped the Abyss
 73211 | D:3      | Fell from the grace of Okawaru
 73211 | D:3      | Became a worshipper of Hepliaklqana the Forgotten
 73648 | Depths:1 | Voluntarily entered the Abyss.
 73783 | Abyss:1  | Reached skill level 20 in Fighting
 73868 | Abyss:1  | Noticed an ancient lich
 73886 | Abyss:1  | Killed an ancient lich
 73886 | Abyss:1  | Reached skill level 15 in Armour
 73972 | Abyss:1  | Found a corrupted altar of Lugonu.
 74082 | Abyss:1  | Reached * piety under Hepliaklqana
 74283 | Abyss:1  | Killed Geryon
 74408 | Depths:1 | Escaped the Abyss
 74614 | D:10     | You paid a toll of the horn of Geryon to enter a treasure trove
 74615 | Trove    | Entered a treasure trove
 74626 | Trove    | Got a translucent fustibalus
 74627 | Trove    | Identified the +0 fustibalus of Truncation {venom, MR+++ Str+3 Int-2 Dex+4} (You found it in a treasure trove)
 74924 | Depths:1 | Voluntarily entered the Abyss.
 75154 | Abyss:1  | Paralysed by accursed screaming for 1 turns
 75206 | Abyss:1  | Reached ** piety under Hepliaklqana
 75208 | Abyss:1  | Remembered your ancestor Zermako as a hexer
 75498 | Abyss:1  | Found a corrupted altar of Lugonu.
 75750 | Abyss:2  | Reached *** piety under Hepliaklqana
 76062 | Abyss:3  | Gained mutation: You are robust. (+10% HP) [a cacodemon]
 76564 | Abyss:3  | Reached **** piety under Hepliaklqana
 77444 | Abyss:3  | Was forgiven by Okawaru
 78100 | Abyss:3  | Found a corrupted altar of Lugonu.
 78280 | Abyss:3  | Got an abyssal rune of Zot
 78283 | Abyss:3  | Reached skill level 21 in Fighting
 78678 | Abyss:3  | Reached ***** piety under Hepliaklqana
 78682 | Depths:1 | Escaped the Abyss
 79007 | Crypt:1  | Entered Level 1 of the Crypt
 79096 | Crypt:1  | Found a basalt altar of Yredelemnul.
 80675 | Crypt:3  | Entered Level 3 of the Crypt
 80747 | Crypt:3  | Found a staircase to the Tomb.
 80831 | Crypt:3  | Found a basalt altar of Yredelemnul.
 80980 | Crypt:3  | Reached skill level 1 in Hexes
 81247 | Crypt:3  | Noticed Jory
 81284 | Crypt:3  | Killed Jory
 81451 | Crypt:3  | Identified Ynialiux's Incunabulum of the Voyage
 81456 | Crypt:3  | Learned a level 3 spell: Portal Projectile
 81536 | Crypt:3  | Reached skill level 1 in Spellcasting
 82232 | Vaults:2 | Learned a level 8 spell: Controlled Blink
 82504 | Pan      | Entered Pandemonium
 82504 | Pan      | Found an exit through the horrors of the Abyss.
 82867 | Pan      | Reached skill level 5 in Spellcasting
 82889 | Pan      | Noticed Tus Wowa the pandemonium lord
 83080 | Pan      | Killed Tus Wowa the pandemonium lord
 83741 | Pan      | Found an exit through the horrors of the Abyss.
 83957 | Pan      | Noticed Mylan the pandemonium lord
 83990 | Pan      | Killed Mylan the pandemonium lord
 84007 | Pan      | Gained mutation: You expend magic power (3 MP) to strengthen your wands. [a neqoxec]
 84092 | Pan      | Learned a level 2 spell: Passwall
 84487 | Pan      | Reached skill level 10 in Stealth
 84552 | Pan      | Found an exit through the horrors of the Abyss.
 84630 | Pan      | Reached ****** piety under Hepliaklqana
 84685 | Pan      | Noticed Xyppol the pandemonium lord
 84727 | Pan      | Killed Xyppol the pandemonium lord
 85329 | Pan      | Found an exit through the horrors of the Abyss.
 85470 | Pan      | Noticed Ypuamod the pandemonium lord
 85532 | Pan      | Killed Ypuamod the pandemonium lord
 85545 | Pan      | Gained mutation: You tend to lose your temper in combat. [a cacodemon]
 85549 | Pan      | Lost mutation: You tend to lose your temper in combat. [potion of cure mutation]
 85549 | Pan      | Lost mutation: Your mind is acute. (Int +2) [potion of cure mutation]
 85549 | Pan      | Lost mutation: You expend magic power (3 MP) to strengthen your wands. [potion of cure mutation]
 85549 | Pan      | Lost mutation: You are robust. (+10% HP) [potion of cure mutation]
 85796 | Pan      | Found an exit through the horrors of the Abyss.
 85956 | Pan      | Reached skill level 22 in Fighting
 86415 | Pan      | Noticed Myxis the pandemonium lord
 86440 | Pan      | Killed Myxis the pandemonium lord
 86709 | Pan      | Got a demonic rune of Zot
 87490 | Pan      | Reached skill level 1 in Necromancy
 87859 | Pan      | Noticed Niron the pandemonium lord
 87880 | Pan      | Killed Niron the pandemonium lord
 88192 | Pan      | Reached skill level 5 in Necromancy
 88274 | Pan      | Noticed Avongol the pandemonium lord
 88897 | Pan      | Noticed Palapn the pandemonium lord
 88921 | Pan      | Killed Palapn the pandemonium lord
 89142 | Pan      | Found an exit through the horrors of the Abyss.
 89219 | Pan      | Noticed Huam the pandemonium lord
 89222 | Pan      | Entered the realm of Lom Lobon.
 89514 | Pan      | Found an exit through the horrors of the Abyss.
 89818 | Pan      | Noticed Lom Lobon
 89834 | Pan      | Banished Lom Lobon
 89849 | Pan      | Got a magical rune of Zot
 89997 | Pan      | Reached skill level 10 in Necromancy
 90036 | Pan      | Identified the cursed +0 cloak of Prudence {MR++} (You found it in Pandemonium)
 90166 | Pan      | Found an exit through the horrors of the Abyss.
 90516 | Pan      | Identified the cursed -8 shield "Xosuicheor" {Str+2} (You found it in Pandemonium)
 90600 | Pan      | HP: 6/187 [torturous blood saint/ghostly fireball (43)]
 90684 | Pan      | Reached skill level 5 in Hexes
 90975 | Pan      | Noticed Viukuowk the pandemonium lord
 91233 | Pan      | Reached skill level 10 in Air Magic
 91256 | Pan      | Gained mutation: Armour fits poorly on your strangely shaped body. [a neqoxec]
 91613 | Pan      | Found a runed door.
 91625 | Depths:3 | Escaped Pandemonium
 91727 | Pan      | Entered Pandemonium
 92263 | Pan      | Entered the realm of Cerebov.
 92265 | Pan      | Got a fiery rune of Zot
 92267 | Pan      | Noticed Cerebov
 92281 | Pan      | Found an exit through the horrors of the Abyss.
 92303 | Pan      | Entered the realm of Gloorx Vloq.
 92493 | Pan      | Found an exit through the horrors of the Abyss.
 92876 | Pan      | Noticed Gloorx Vloq
 93486 | Pan      | Banished Gloorx Vloq
 93493 | Pan      | Got a dark rune of Zot
 93547 | Pan      | Noticed Cerebov
 93597 | Pan      | Found an exit through the horrors of the Abyss.
 93962 | Pan      | Found a glowing golden altar of the Shining One.
 93962 | Pan      | Noticed a seraph
 94414 | Pan      | Reached skill level 10 in Hexes
 94705 | Pan      | Killed a seraph
 94806 | Pan      | Identified the Almanac of Gliding Earth
 94848 | Pan      | Identified the +1 steam dragon scales of the Queen {+Fly Regen+ Dex-2} (You took it off a cherub in Pandemonium)
 95876 | Pan      | Found a glowing silver altar of Zin.
 96446 | Pan      | Found a white marble altar of Elyvilon.
 96984 | Pan      | Reached skill level 23 in Fighting
 97624 | Pan      | Found an exit through the horrors of the Abyss.
 97844 | Pan      | Noticed Wuownaabre the pandemonium lord
 98162 | Pan      | Killed Wuownaabre the pandemonium lord
 98297 | Pan      | Entered the realm of Mnoleg.
 98436 | Pan      | Found an exit through the horrors of the Abyss.
 98715 | Pan      | Noticed Mnoleg
 98718 | Pan      | Gained mutation: You are weak. (Str -2) [a cacodemon]
 99084 | Pan      | Got a glowing rune of Zot
 99278 | Pan      | Found an exit through the horrors of the Abyss.
 99349 | Pan      | Noticed Mnoleg
 99374 | Pan      | Took an exit into the Abyss.
 99374 | Abyss:1  | Escaped into the Abyss
 99384 | Depths:3 | Escaped the Abyss
 99718 | Tomb:1   | Entered Level 1 of the Tomb of the Ancients
 99910 | Tomb:1   | Reached skill level 24 in Fighting
100347 | Tomb:1   | Noticed a greater mummy
100816 | Tomb:1   | Killed a greater mummy
100938 | Tomb:1   | Cast into level 5 of the Abyss (a Zot trap)
100938 | Abyss:5  | Entered Level 5 of the Abyss
100950 | Tomb:1   | Escaped the Abyss
101219 | Tomb:2   | Noticed a greater mummy
101219 | Tomb:2   | Noticed a greater mummy
101219 | Tomb:2   | Noticed a greater mummy
101219 | Tomb:2   | Noticed a greater mummy
101669 | Tomb:1   | Killed a greater mummy
102219 | Tomb:1   | Killed a greater mummy
102219 | Tomb:1   | Reached skill level 15 in Maces & Flails
102269 | Tomb:1   | Killed a greater mummy
102556 | Tomb:1   | Killed a greater mummy
102556 | Tomb:1   | Killed by a greater mummy's death curse

Skill      XL: |  1  2  3  4  5  6  7  8  9 10 11 12 13 14 15 16 17 18 19 20 21 22 23 24 25 26 27 |
---------------+----------------------------------------------------------------------------------+-----
Slings         | 2 4 5 7 9 11 13 16 18 20 21 22 | 22.2
Invocations    | 5 8 9 11 12 14 | 14.7
Fighting       | 8 10 11 15 16 24 | 24.1
Translocations | 5 11 12 | 12.8
Dodging        | 7 13 14 17 20 | 20.4
Shields        | 2 12 13 15 17 18 21 | 21.1
Charms         | 4 7 16 | 16.4
Air Magic      | 4 7 14 | 14.2
Armour         | 8 11 12 22 | 22.2
Evocations     | 4 |  4.2
Stealth        | 8 14 | 14.3
Maces & Flails | 7 11 15 | 15.2
Hexes          | 11 | 11.0
Spellcasting   | 6 |  6.2
Necromancy     | 10 | 10.6
Long Blades    | |  3.2

Action                   |  1- 3 |  4- 6 |  7- 9 | 10-12 | 13-15 | 16-18 | 19-21 | 22-24 | 25-27 || total
-------------------------+-------+-------+-------+-------+-------+-------+-------+-------+-------++-------
Melee: Falchion          |    13 |       |       |       |       |       |       |       |       ||    13
       Fustibalus        |       |       |       |       |     2 |       |       |       |       ||     2
       Demon whip        |       |       |       |       |       |       |       |       |  9310 ||  9310
       Scimitar          |       |       |       |       |       |       |       |       |    19 ||    19
       Sacred scourge    |       |       |       |       |       |       |       |       |   603 ||   603
 Fire: Hunting sling     |    55 |   296 |   478 |   809 |    33 |    97 |    97 |       |       ||  1865
       Fustibalus        |       |       |       |    80 |  1586 |  1492 |  1846 |  2132 |  1892 ||  9028
 Cast: Repel Missiles    |       |       |       |       |       |     8 |     3 |     4 |    13 ||    28
       Apportation       |       |       |       |       |       |    14 |       |       |     2 ||    16
       Regeneration      |       |       |       |       |       |       |       |     9 |   458 ||   467
       Ozocubu's Armour  |       |       |       |       |       |       |       |     3 |     1 ||     4
       Swiftness         |       |       |       |       |       |       |       |     3 |     1 ||     4
       Blink             |       |       |       |       |       |       |       |       |    17 ||    17
       Silence           |       |       |       |       |       |       |       |       |     8 ||     8
       Portal Projectile |       |       |       |       |       |       |       |       |     2 ||     2
Invok: Heroism           |       |       |     1 |    18 |    31 |    35 |    28 |    21 |    32 ||   166
       Finesse           |       |       |       |     2 |     7 |    10 |    11 |     5 |     8 ||    43
       Recall Ancestor   |       |       |       |       |       |       |       |       |    24 ||    24
       Transference      |       |       |       |       |       |       |       |       |    21 ||    21
       Ancestor Identity |       |       |       |       |       |       |       |       |     3 ||     3
       Idealise          |       |       |       |       |       |       |       |       |     1 ||     1
       Ancestor Life: He |       |       |       |       |       |       |       |       |     1 ||     1
 Abil: Evoke Flight      |       |       |       |       |       |     5 |    13 |       |     6 ||    24
Evoke: Wand              |       |       |     2 |       |     2 |     2 |     2 |     1 |    73 ||    82
       Box of beasts     |       |       |       |     3 |       |       |       |       |       ||     3
  Use: Potion            |       |     1 |     5 |       |     2 |     3 |     2 |     1 |    39 ||    53
       Scroll            |       |       |    13 |    21 |    11 |    17 |     6 |     5 |    86 ||   159
 Stab: Sleeping          |     1 |       |       |       |       |       |       |       |     8 ||     9
       Confused          |       |       |       |       |       |       |       |       |   386 ||   386
       Paralysed         |       |       |       |       |       |       |       |       |   235 ||   235
       Distracted        |       |       |       |       |       |       |       |       |   119 ||   119
       Invisible         |       |       |       |       |       |       |       |       |     4 ||     4
       Petrifying        |       |       |       |       |       |       |       |       |     2 ||     2
  Eat: Chunk             |       |     6 |    15 |    18 |    25 |    10 |    21 |    20 |    30 ||   145
       Beef jerky        |       |       |     2 |       |     1 |     1 |       |       |     4 ||     8
       Fruit             |       |       |       |     4 |     5 |    18 |     4 |    13 |     6 ||    50
       Pizza             |       |       |       |       |     2 |     3 |     2 |     1 |     1 ||     9
       Royal jelly       |       |       |       |       |       |     1 |       |     2 |     3 ||     6
       Meat ration       |       |       |       |       |       |       |       |       |    36 ||    36
       Bread ration      |       |       |       |       |       |       |       |       |     1 ||     1
Armor: Robe              |     3 |    14 |    18 |       |       |       |       |       |       ||    35
       Steam dragon scal |       |       |     9 |    84 |   102 |       |    72 |    77 |   105 ||   449
       Leather armour    |       |       |       |       |     5 |    58 |       |       |       ||    63
       Ring mail         |       |       |       |       |       |    36 |    33 |       |       ||    69
       Plate armour      |       |       |       |       |       |       |       |       |     2 ||     2
       Skin              |       |       |       |       |       |       |       |       |     1 ||     1
       Fire dragon scale |       |       |       |       |       |       |       |       |  1061 ||  1061
Dodge: Dodged            |    28 |   115 |   113 |   262 |   598 |   402 |   501 |   547 |  4052 ||  6618
       Deflected         |       |       |       |       |       |    21 |    17 |    21 |    62 ||   121
Block: Buckler           |       |       |       |       |   134 |    76 |       |       |       ||   210
       Shield            |       |       |       |       |       |   282 |   750 |   832 |  7742 ||  9606
       Reflection        |       |       |       |       |       |       |    60 |   102 |    15 ||   177
       Rpst.: Falchion   |     2 |       |       |       |       |       |       |       |       ||     2
